 Dungeon Crawl Stone Soup version 0.31.0-32-g396128a36d (webtiles) character file.

Game seed: 15741986504530830027

20657 Haakon the Fighter (level 12, -2/87 HPs)
             Began as an Octopode Shapeshifter on Mar 31, 2024.
             Was an Initiate of Gozag.
             Slain by a yak (14 damage)
             ... on level 1 of the Lair of Beasts.
             The game lasted 00:24:11 (12579 turns).

Haakon the Fighter (Octopode Shapeshifter)         Turns: 12579, Time: 00:24:12

Health: -2/87      AC:  1    Str: 13    XL:     12   Next: 81%
Magic:  12/12      EV: 24    Int: 23    God:    Gozag
Gold:   817        SH:  0    Dex: 18    Spells: 8/11 levels left

rFire   + + .        l - melded +5 dagger (elec)
rCold   . . .        (shield currently unavailable)
rNeg    . . .        (helmet restricted)
rPois   .            k - amulet of regeneration
rElec   .            F - ring of protection from fire
rCorr   .            E - +5 ring of evasion
SInv    .            f - ring of protection from fire
Will    .....        Y - +4 ring of slaying
Stlth   +++          d - +6 ring of dexterity
HPRegen 1.14/turn    I - +6 ring of intelligence
MPRegen 0.13/turn    (no ring)
                     (no ring)

%: no passive effects
@: blade tentacles, gold aura
A: almost no armour, amphibious, 8 rings, camouflage 1, gelatinous body 1,
(nimble swimmer 1), tentacles
a: Begin Untransformation, Renounce Religion, Potion Petition, Call Merchant,
Bribe Branch


You were on level 1 of the Lair of Beasts.
You worshipped Gozag.
Gozag was pleased with you.
You had blades for main tentacles.
You visited 3 branches of the dungeon, and saw 13 of its levels.
You also visited: Sewer.

You collected 2161 gold pieces.
You spent 1254 gold pieces at shops.
You paid 90 gold pieces to Gozag.


Innate Abilities, Weirdness & Mutations

You have blades for main tentacles.
You are incapable of wielding weapons or throwing items.
You cannot wear most types of armour.
You are amphibious.
You can wear up to eight rings at the same time.
Your skin changes colour to match your surroundings (Stealth+).
Your rubbery body absorbs attacks. (AC +1, EV +1)
((You are camouflaged when in or above water. (Stealth+)))
You have tentacles for arms and can constrict up to eight enemies at once.


   Skills:
 + Level 10.1 Fighting
 + Level 10.1 Dodging
 - Level 3.0 Stealth
 + Level 10.1 Unarmed Combat
 - Level 6.0 Summonings
 - Level 3.0 Evocations
 + Level 10.1 Shapeshifting


You had 8 spell levels left.
You knew the following spells:

 Your Spells              Type           Power      Damage    Failure   Level
c - Call Canine Familiar  Summ           27%        N/A       4%          3

Your spell library contained the following spells:

 Spells                   Type           Power      Damage    Failure   Level
 Summon Small Mammal      Summ           100%       N/A       1%          1
 Apportation              Tloc           0%         N/A       16%         1
 Jinxbite                 Hex            0%         N/A       24%         2
 Summon Blazeheart Golem  Fire/Summ      13%        N/A       41%         4
 Vhi's Electric Charge    Tloc/Air       0%         N/A       83%         4
 Alistair's Intoxication  Alch           0%         N/A       99%         5
 Arcjolt                  Conj/Air       0%         1d10      99%         5
 Plasma Beam              Fire/Air       0%         2x1d10    100%        6

Inventory:

Hand Weapons
 l - a +5 dagger of electrocution (melded)
Missiles
 z - 2 curare-tipped darts (quivered) {=f}
Jewellery
 d - a +6 ring of dexterity (on tentacle)
 f - a ring of protection from fire (on tentacle)
 k - an amulet of regeneration (around mantle)
 E - a +5 ring of evasion (right blade tentacle)
 F - a ring of protection from fire (left blade tentacle)
 I - a +6 ring of intelligence (on tentacle)
 Y - a +4 ring of slaying (on tentacle)
Talismans
 b - a beast talisman
 c - a flux talisman
 C - a blade talisman (active)
Wands
 o - a wand of iceblast (9)
 p - a wand of polymorph (18)
 x - a wand of charming (20)
 y - a wand of flame (35)
 K - a wand of digging (3)
Scrolls
 h - a scroll of fog {unknown}
 i - 5 scrolls of teleportation {unknown}
 j - 6 scrolls of blinking
 m - 3 scrolls of vulnerability {unknown}
 q - a scroll of enchant armour
 r - 2 scrolls of immolation
 v - a scroll of enchant weapon
 A - 2 scrolls of torment {unknown}
 B - a scroll of amnesia {unknown}
 H - a scroll of silence {unknown}
Potions
 a - 2 potions of lignification
 e - 4 potions of curing {@q1}
 g - a potion of might
 n - 4 potions of attraction
 s - 2 potions of cancellation
 t - 4 potions of resistance
 u - 4 potions of enlightenment
 w - 3 potions of magic
 D - a potion of haste {@q3}
 G - a potion of mutation
 J - 2 potions of heal wounds {@q2}

Dungeon Overview and Level Annotations

Branches:
Dungeon (10/15)            Temple (1/1) D:6            Lair (2/5) D:9
  Sewer (visited)
  Swamp: Lair:2-3    Shoals: Lair:2-3     Snake: Lair:2-3    Spider: Lair:2-3
    Orc: D:9-12

Altars:
Ashenzari
Cheibriados
Dithmenos
Elyvilon
Fedhas
Gozag
Hepliaklqana
Kikubaaqudgha
Makhleb
Nemelex Xobeh
Okawaru
Qazlal
Ru
Sif Muna
Trog
Uskayaw
Vehumet
Wu Jian
Xom
Yredelemnul
Zin
The Shining One

Shops:
D:2 :   D:3 = D:6

[ ###.#.## ### #.###..#
#..#.# ### #..# ##...##
####.### ###..# ##P#.'#.##
#####.#..### #........#
#..........### ##........#
##...........###^.........
#......F.Y#...##.........
#.......@Y#..###........#
##........$.#...'........#
#..........######........#
##.........# #........#
#.........# #.#+######
####..###### ##..#
##P..###.# ##.##
#.....[..### #..#
#.>......+.###.######


You could see 2 yaks and a cane toad.


Message History

You constrict the water moccasin.
* * * LOW HITPOINT WARNING * * *
You feel very sick. The water moccasin misses you.
The cane toad barely misses you. The yak barely misses you. The yak gores you!
* * * LOW HITPOINT WARNING * * *
You slice the water moccasin!!
You kill the water moccasin!
* * * LOW HITPOINT WARNING * * *
You feel very sick. The cane toad stings you.
* * * LOW HITPOINT WARNING * * *
Unknown command.
You feel better. The cane toad barely misses you. The yak misses you. x2
You hit the cane toad but do no damage. You grab the cane toad.
You constrict the cane toad, but do no damage.
The cane toad misses you. The yak completely misses you. The yak gores you.
* * * LOW HITPOINT WARNING * * *
Unknown command.
You slash the cane toad! You squeeze the cane toad!
The cane toad is severely wounded.
You constrict the cane toad. The cane toad misses you.
The yak completely misses you. x2
Unknown command.
You barely miss the cane toad.
The cane toad is severely wounded.
You constrict the cane toad, but do no damage.
The cane toad barely misses you. The yak gores you!
You die...
Your body crumbles into a pile of gold.

Skill      XL: |  1  2  3  4  5  6  7  8  9 10 11 12 |
---------------+-------------------------------------+-----
Fighting       | 2 3 4 5 6 8 9 10 | 10.1
Shapeshifting  | 4 5 6 7 8 10 | 10.1
Stealth        | 3 |  3.0
Dodging        | 3 5 8 10 | 10.1
Summonings     | 4 6 |  6.0
Unarmed Combat | 5 9 10 | 10.1
Evocations     | 3 |  3.0

Action                     |  1- 3 |  4- 6 |  7- 9 | 10-12 || total
---------------------------+-------+-------+-------+-------++-------
  Melee: Unarmed           |    55 |       |       |   258 ||   313
         Constrict         |    18 |    15 |    65 |    42 ||   140
         Punch             |     3 |       |     3 |    24 ||    30
         Tentacles         |     7 |     6 |    53 |   106 ||   172
         Dagger            |       |    69 |   252 |   155 ||   476
  Throw: Dart              |       |       |     1 |       ||     1
  Evoke: Wand              |       |       |     5 |     3 ||     8
    Use: Scroll            |       |     5 |     7 |     4 ||    16
         Potion            |       |       |       |     3 ||     3
   Stab: Sleeping          |     5 |     5 |    20 |     4 ||    34
         Distracted        |       |     1 |       |     1 ||     2
 Armour: Skin              |    23 |    29 |    82 |   161 ||   295
  Dodge: Dodged            |    34 |    49 |   175 |   372 ||   630
   Form: Blade             |       |       |       |     1 ||     1
         Flux              |       |       |       |     1 ||     1

Levels and vault maps discovered:
D:1:      dpeg_arrival_rhombus, layout_rooms, ebering_ecumenical_altar_webs
D:2:      layout_rooms, minmay_misc_feat_diagonals, st_stairs_10,
          nicolae_shop_vocational, uniq_natasha, uniq_jessica
D:3:      layout_loops_cross, mainiacjoe_overflow_catch_the_wave, serial_shops,
          shop, grunt_ministairs_15, uniq_ijyb
D:4:      layout_loops_corners, corexii_checkpoint, kennysheep_diamond
D:5:      layout_basic, gup_sewer_entry_bubbles, minmay_misc_feat_cross
D:6:      layout_basic, temple_green, serial_shops, nicolae_shop_tiny_glass,
          uniq_maggie
D:7:      layout_loops_ring, sigmund_edmund_badplayer
D:8:      layout_cave_pools
D:9:      layout_cave_pods, dpeg_lair_monsters
D:10:     layout_cross, ebering_ghost_inner_flame, serial_park,
          serial_park_square1 [serial_park_minivault_5x5_3], serial_park_tiny_1,
          serial_park_square2, chequers_serial_rivers_micro_e,
          kennysheep_cross_bottleneck
Temple:   nicolae_temple_slightly_damp_pantheon
Lair:1:   layout_roguey, cheibrodos_lair_reptile_den
Lair:2:   layout_cave_shapes, guppyfry_snake_entry_garden

Notes
Turn   | Place    | Note
-------+----------+-------------------------------------------
     0 | D:1      | Haakon the Octopode Shapeshifter began the quest for the
                  | Orb.
     0 | D:1      | Reached XP level 1. HP: 13/13 MP: 1/1
    48 | D:1      | Found a faded altar of an unknown god.
    91 | D:1      | Reached skill level 2 in Fighting
    91 | D:1      | Reached XP level 2. HP: 17/19 MP: 2/2
   552 | D:2      | Reached XP level 3. HP: 12/25 MP: 3/3
   569 | D:2      | Reached skill level 3 in Fighting
   711 | D:2      | Found Risocu's Vocational Training.
   711 | D:2      | Noticed a black bear
   806 | D:2      | Noticed Jessica
   817 | D:2      | Killed Jessica
   818 | D:2      | Reached XP level 4. HP: 30/33 MP: 4/4
   899 | D:2      | Noticed Natasha
   909 | D:2      | Killed Natasha
   910 | D:2      | Reached skill level 4 in Fighting
  1047 | D:2      | Noticed Natasha
  1054 | D:2      | Killed Natasha
  1055 | D:2      | Reached XP level 5. HP: 25/37 MP: 5/5
  1167 | D:2      | Noticed Natasha
  1175 | D:2      | Killed Natasha
  1655 | D:2      | Found Risocu's Vocational Training.
  2141 | D:2      | Killed a black bear
  2142 | D:2      | Reached skill level 4 in Shapeshifting
  2142 | D:2      | Reached XP level 6. HP: 44/44 MP: 6/6
  2179 | D:3      | Found a sacrificial altar of Ru.
  2240 | D:3      | Found a blossoming altar of Fedhas.
  2346 | D:3      | Found Dosess's Jewellery Emporium.
  2743 | D:3      | Noticed Ijyb
  2754 | D:3      | Killed Ijyb
  2948 | D:4      | Reached skill level 5 in Fighting
  2948 | D:4      | Reached skill level 5 in Shapeshifting
  3009 | D:4      | Reached XP level 7. HP: 43/50 MP: 7/7
  3775 | D:5      | Entered Level 5 of the Dungeon
  3795 | D:5      | Reached skill level 6 in Shapeshifting
  3925 | D:5      | Found a glowing drain.
  3936 | Sewer    | Entered a sewer
  4121 | Sewer    | Reached skill level 6 in Fighting
  4121 | Sewer    | Reached XP level 8. HP: 52/57 MP: 6/8
  4311 | Sewer    | Identified a potion of resistance
  4448 | D:5      | Reached skill level 7 in Shapeshifting
  4637 | D:5      | Reached skill level 1 in Stealth
  4909 | D:5      | Reached skill level 2 in Stealth
  5284 | D:6      | Noticed Maggie
  5307 | D:6      | Reached skill level 3 in Stealth
  5327 | D:6      | Reached skill level 3 in Dodging
  5482 | D:6      | Found Giukes's Armour Shop.
  5735 | D:6      | Found a staircase to the Ecumenical Temple.
  5742 | Temple   | Entered the Ecumenical Temple
  5761 | Temple   | Became a worshipper of Gozag Ym Sagoz the Greedy
  6136 | D:7      | Reached XP level 9. HP: 63/63 MP: 9/9
  6140 | D:7      | Learned a level 3 spell: Call Canine Familiar
  6186 | D:7      | Reached skill level 7 in Fighting
  6186 | D:7      | Reached skill level 4 in Dodging
  6206 | D:7      | Reached skill level 1 in Summonings
  6648 | D:6      | Killed Maggie
  6649 | D:6      | Reached skill level 2 in Summonings
  6649 | D:6      | Reached skill level 8 in Shapeshifting
  7043 | D:7      | Noticed Sigmund
  7051 | D:7      | Killed Sigmund
  7052 | D:7      | Reached skill level 5 in Dodging
  7067 | D:7      | Noticed Edmund
  7073 | D:7      | Killed Edmund
  7074 | D:7      | Reached skill level 3 in Summonings
  7276 | D:8      | Reached skill level 8 in Fighting
  7468 | D:8      | Reached skill level 4 in Summonings
  7468 | D:8      | Reached XP level 10. HP: 66/72 MP: 10/10
  7732 | D:8      | Reached skill level 9 in Shapeshifting
  8054 | D:9      | Reached skill level 5 in Summonings
  8186 | D:9      | Noticed a manticore
  8533 | D:9      | Reached skill level 9 in Fighting
  8599 | D:9      | Killed a manticore
  8777 | D:9      | Reached skill level 6 in Summonings
  8784 | D:9      | Reached skill level 10 in Shapeshifting
  9007 | D:9      | Noticed a death yak
  9007 | D:9      | Noticed a death yak
  9028 | D:9      | Reached skill level 4 in Unarmed Combat
  9262 | D:10     | Entered Level 10 of the Dungeon
  9269 | D:10     | Found a runed translucent door.
  9286 | D:10     | Noticed Eolas's ghost (journeyman DjCj)
  9286 | D:10     | Noticed an orc knight
  9298 | D:10     | Reached skill level 5 in Unarmed Combat
  9385 | D:10     | HP: 3/74 [wraith (14)]
  9386 | D:10     | Noticed a gargoyle
  9388 | D:10     | Reached XP level 11. HP: 35/80 MP: 11/11
  9439 | D:9      | Reached skill level 6 in Unarmed Combat
  9496 | D:10     | Noticed a two-headed ogre
  9584 | D:10     | Killed a two-headed ogre
  9585 | D:10     | Reached skill level 7 in Unarmed Combat
  9991 | D:10     | Noticed a two-headed ogre
 10002 | D:10     | Killed a two-headed ogre
 10003 | D:10     | Reached skill level 8 in Unarmed Combat
 10070 | D:10     | Noticed a two-headed ogre
 10083 | D:10     | Killed a two-headed ogre
 10084 | D:10     | Reached skill level 9 in Unarmed Combat
 10084 | D:10     | Reached skill level 1 in Evocations
 10470 | D:3      | Bought a +4 ring of slaying for 858 gold pieces
 10470 | D:3      | Bought a +6 ring of dexterity for 396 gold pieces
 10647 | D:9      | Killed a death yak
 10648 | D:9      | Reached skill level 2 in Evocations
 10701 | D:9      | Noticed a death yak
 10709 | D:9      | Noticed a death yak
 10709 | D:9      | Noticed a death yak
 10709 | D:9      | Noticed a death yak
 10740 | D:9      | Killed a death yak
 10741 | D:9      | Reached skill level 3 in Evocations
 10773 | D:9      | Noticed a death yak
 10778 | D:9      | Noticed a two-headed ogre
 10798 | D:9      | Killed a two-headed ogre
 10799 | D:9      | Reached skill level 6 in Dodging
 10871 | D:9      | Killed a death yak
 10872 | D:9      | Reached skill level 7 in Dodging
 10908 | D:9      | Noticed a death yak
 11092 | D:8      | Killed a death yak
 11140 | D:8      | Killed a death yak
 11141 | D:8      | Reached skill level 8 in Dodging
 11141 | D:8      | Reached XP level 12. HP: 19/85 MP: 12/12
 11339 | D:8      | Killed a death yak
 11412 | D:8      | Killed a death yak
 11413 | D:8      | Reached skill level 9 in Dodging
 11460 | D:9      | Killed a death yak
 11516 | D:9      | Found a staircase to the Lair.
 11588 | D:10     | Killed Eolas's ghost
 11669 | Lair:1   | Entered Level 1 of the Lair of Beasts
 11675 | Lair:1   | Reached skill level 10 in Dodging
 11909 | Lair:1   | Reached skill level 10 in Fighting
 12319 | Lair:1   | Reached skill level 10 in Unarmed Combat
 12574 | Lair:1   | HP: 5/87 [yak (9)]
 12575 | Lair:1   | HP: 2/87 [cane toad (1)]
 12579 | Lair:1   | Slain by a yak

Vanquished Creatures
  The ghost of Eolas the Fighter, a journeyman DjCj of Ru (D:10)
  4 two-headed ogres
  8 death yaks
  An orc knight (D:10)
  A manticore (D:9)
  An unseen horror (D:10)
  A cane toad (Lair:1)
  A gargoyle (D:9)
  Maggie (D:6)
  A rime drake (Lair:1)
  A komodo dragon (Lair:1)
  2 hornets (D:9)
  3 blink frogs (Lair:1)
  Sigmund (D:7)
  A wraith (D:10)
  A shadow (D:7)
  4 wyverns
  A basilisk (Lair:1)
  20 yaks
  5 steam dragons
  4 water moccasins
  Edmund (D:7)
  An ice beast (D:5)
  An orc warrior (D:7)
  3 black bears
  8 wolves (Lair:1)
  An ogre (D:5)
  3 phantoms
  4 kobold brigands
  A brain worm (Sewer)
  4 bullfrogs
  2 scorpions
  11 wights
  18 killer bees
  4 howler monkeys
  A lava snake (D:10)
  3 hounds
  4 orc priests
  5 iguanas
  A sleepcap (D:6)
  Jessica (D:2)
  Ijyb (D:3)
  5 orc wizards
  Natasha (thrice) (D:2)
  15 adders
  3 river rats
  A shadow imp (D:7)
  A white imp (D:8)
  4 ufetubi
  5 ribbon worms
  4 dart slugs
  27 orcs
  5 endoplasms
  3 giant cockroaches
  13 goblins
  8 hobgoblins
  14 jackals
  7 quokkas
  9 ball pythons
  12 bats
  4 frilled lizards
  23 kobolds
  11 rats
318 creatures vanquished.

Vanquished Creatures (others)
  An orc wizard (D:6)
1 creature vanquished.

Grand Total: 319 creatures vanquished

Table legend: (Time is in decaauts)
 A = Elapsed time spent in this place.
 B = Non-inter-level travel time spent in this place.
 C = Inter-level travel time spent in this place.
 D = Time resting spent in this place.
 E = Time spent auto-exploring this place.
 F = Levels seen in this place.
 G = Mean time per level.
                   A        B        C        D        E       F      G
               +--------+--------+--------+--------+--------+-----+--------+
         Total |  12578 |  11638 |    940 |   1552 |   7692 |  14 |  898.4 |
       Dungeon |  11264 |  10372 |    892 |   1552 |   6785 |  10 | 1126.4 |
        Temple |     38 |      1 |     37 |      0 |      0 |   1 |   38.0 |
          Lair |    893 |    883 |     10 |      0 |    682 |   2 |  446.5 |
         Sewer |    381 |    381 |      0 |      0 |    225 |   1 |  381.0 |
               +--------+--------+--------+--------+--------+-----+--------+

Top non-repeatable levels by time:
     D:9: 2073 daAuts
     D:2: 1634 daAuts
     D:8: 1475 daAuts
     D:6: 1216 daAuts
     D:4: 1004 daAuts
     D:5: 929 daAuts
  Lair:1: 886 daAuts
     D:7: 873 daAuts
    D:10: 852 daAuts
     D:3: 669 daAuts
     D:1: 536 daAuts
   Sewer: 381 daAuts
  Temple: 38 daAuts
  Lair:2: 7 daAuts

Table legend:
 A = Non-vault XP
 B = Vault XP
 C = Vault XP percentage of total XP
 D = Non-vault monster count
 E = Vault monster count
 F = Vault count percentage of total count
                 A         B        C        D         E       F
            +---------+---------+-------+---------+---------+-------
      Total |   18569 |   10941 |  37.1 |     244 |      75 |  23.5
            +---------+---------+-------+---------+---------+-------
        D:1 |      26 |       0 |   0.0 |      18 |       0 |   0.0
        D:2 |     250 |      76 |  23.3 |      27 |       4 |  12.9
        D:3 |      95 |      40 |  29.6 |      14 |       3 |  17.6
        D:4 |     346 |       4 |   1.1 |      13 |       2 |  13.3
        D:5 |     549 |      58 |   9.6 |      14 |       8 |  36.4
        D:6 |     510 |     379 |  42.6 |      15 |       1 |   6.2
        D:7 |    1003 |     365 |  26.7 |      25 |       2 |   7.4
        D:8 |    2089 |    3224 |  60.7 |      39 |       4 |   9.3
        D:9 |    3994 |    3658 |  47.8 |      28 |       5 |  15.2
       D:10 |    3564 |    2565 |  41.9 |      19 |       5 |  20.8
     Lair:1 |    6143 |     371 |   5.7 |      32 |       7 |  17.9
      Sewer |       0 |     201 | 100.0 |       0 |      34 | 100.0
            +---------+---------+-------+---------+---------+-------
